 Dungeon Crawl Stone Soup version 0.27-a0-279-gdfb9265905 (webtiles) character file.

Game seed: 11163781566146320328

1520 lessens the Grappler (level 8, 0/78 HPs)
             Began as an Octopode Berserker on Feb 7, 2021.
             Was a High Priest of Trog.
             Slain by a gnoll sergeant
             ... wielding a +0 spear
              (8 damage)
             ... on level 6 of the Dungeon.
             The game lasted 00:09:28 (7024 turns).

lessens the Grappler (Octopode Berserker)           Turns: 7024, Time: 00:09:28

Health: 0/78       AC:  1    Str: 19    XL:     8   Next: 84%
Magic:  0/8        EV: 16    Int:  9    God:    Trog [*****.]
Gold:   42         SH:  0    Dex: 17    Spells: 7/7 levels left

rFire    . . .     SeeInvis .     - Unarmed
rCold    . . .     Faith    .   (no shield)
rNeg     . . .     Spirit   +   (helmet restricted)
rPois    .         Reflect  .   p - amulet of guardian spirit
rElec    .         Harm     .   e - +6 ring of dexterity
rCorr    .         Rampage  .   o - ring of flight
Will     .....                  (no ring)
Stlth    ..........             (no ring)
HPRegen  0.23/turn              (no ring)
MPRegen  0.11/turn              (no ring)
                                (no ring)
                                (no ring)

@: berserking, very quick
A: almost no armour, stealthy swim, amphibious, 8 rings, constrict 8, camouflage
1, gelatinous body 1
a: Renounce Religion, Evoke Flight, Berserk, Trog's Hand, Brothers in Arms


You were on level 6 of the Dungeon.
You worshipped Trog.
Trog was extremely pleased with you.
You visited 1 branch of the dungeon, and saw 6 of its levels.
You also visited: Sewer.

You collected 358 gold pieces.
You spent 316 gold pieces at shops.

Inventory:

Missiles
 a - 22 poisoned darts
 b - 189 stones
 j - 6 curare-tipped darts
Jewellery
 e - a +6 ring of dexterity (left tentacle)
 o - a ring of flight (right tentacle)
 p - an amulet of guardian spirit (around mantle)
 r - a cursed amulet of inaccuracy {unknown}
Wands
 i - a wand of paralysis (6)
 A - a wand of flame (18)
Scrolls
 d - 3 scrolls of enchant armour
 g - 5 scrolls of teleportation
 k - 2 scrolls of remove curse
 s - a scroll of fear
 u - a scroll of magic mapping
 v - 2 scrolls of identify
 y - a scroll of blinking
 z - a scroll of summoning
 C - 2 scrolls of random uselessness {unknown}
Potions
 c - 2 potions of curing
 f - a potion of brilliance
 h - 4 potions of flight
 l - 2 potions of mutation
 m - a potion of heal wounds {unknown}
 n - 2 potions of might {unknown}
 q - a potion of berserk rage {unknown}
 t - a potion of magic {unknown}
 w - a potion of invisibility {unknown}
 x - a potion of ambrosia {unknown}
 B - a potion of attraction {unknown}


   Skills:
 + Level 3.1 Fighting
 - Level 4.5 Dodging
 * Level 10.5 Unarmed Combat


You had 7 spell levels left.
You didn't know any spells.
Your spell library was empty.

Dungeon Overview and Level Annotations

Branches:
Dungeon (6/15)             Temple (0/1) D:5           Sewer (visited)

Altars:
Cheibriados
Dithmenos
Fedhas
Kikubaaqudgha
Uskayaw
Zin

Shops:
D:4 *[?   D:5 ?   D:6 *


Innate Abilities, Weirdness & Mutations

You cannot wear most types of armour.
You are very stealthy in the water. (Stealth+)
You are amphibious.
You can wear up to eight rings at the same time.
You can use your tentacles to constrict eight enemies at once.
Your skin changes colour to match your surroundings (Stealth+).
Your rubbery body absorbs attacks. (AC +1, EV +1)


Message History

You tentacle-slap the gnoll. You grab the gnoll.
The gnoll is moderately wounded.
You constrict the gnoll. The gnoll hits you with a +0 flail!
The gnoll sergeant hits you from afar with a +0 spear!
You are too injured to fight recklessly!
Unknown command.
Okay, then.
A red film seems to cover your vision as you go berserk!
You feel yourself moving faster!
You feel mighty!
You constrict the gnoll. The gnoll closely misses you. The gnoll misses you.
The gnoll sergeant hits you from afar with a +0 spear.
* * * LOW HITPOINT WARNING * * *
The gnoll closely misses you. x2
You batter the gnoll!!
You kill the gnoll!
Trog accepts your kill. The gnoll barely misses you.
The gnoll hits you with a +0 spear!
* * * LOW HITPOINT WARNING * * *
The gnoll sergeant hits you from afar with a +0 spear!
You die...

#...... ###...... +#
........##.#
........#..#
........'..#
.....g.....# ####
#..8)8g8.#......
#..g⌠@g..+!.....
+..8.∩.8.#......
#...⌠.⌠..#......
#..8.8.8##..... ##+#
....###......########...
..#. #......#..........
. + #....†.#..........
#......##....##...
##+#....#....##...


You could see a gnoll sergeant and 3 gnolls.

Vanquished Creatures
  A water moccasin (Sewer)
  2 orc warriors
  A centaur (D:5)
  3 phantoms
  A scorpion (D:4)
  A howler monkey (D:4)
  4 hounds
  A bullfrog skeleton (D:5)
  A centaur skeleton (D:5)
  2 jellies (D:5)
  3 orc priests
  4 worker ants
  A killer bee zombie (D:6)
  5 gnolls
  13 adders
  A shadow imp (D:5)
  A white imp (D:6)
  An ooze (D:2)
  An adder skeleton (D:6)
  A worm (D:3)
  3 dart slugs
  5 leopard geckos
  29 orcs
  A ball python (D:5)
  7 bats
  4 giant cockroaches
  18 goblins
  11 hobgoblins
  11 jackals
  14 kobolds
  7 quokkas
  7 frilled lizards
  3 leopard gecko zombies
  A quokka skeleton (D:4)
  A quokka zombie (D:5)
  13 rats
183 creatures vanquished.

Vanquished Creatures (others)
  6 plants (D:3)
6 creatures vanquished.

Grand Total: 189 creatures vanquished

Notes
Turn   | Place    | Note
-------+----------+-------------------------------------------
     0 | D:1      | lessens the Octopode Berserker began the quest for the Orb.
     0 | D:1      | Reached XP level 1. HP: 16/16 MP: 1/1
   151 | D:1      | Reached XP level 2. HP: 5/21 MP: 2/2
   591 | D:1      | Reached skill level 4 in Unarmed Combat
   598 | D:1      | Reached XP level 3. HP: 26/26 MP: 3/3
   635 | D:1      | Reached ** piety under Trog
  1392 | D:2      | Reached XP level 4. HP: 23/31 MP: 4/4
  1585 | D:2      | Reached skill level 5 in Unarmed Combat
  1779 | D:2      | Found a glowing silver altar of Zin.
  2075 | D:3      | Noticed an orc warrior
  2428 | D:3      | Found a faded altar of an unknown god.
  2444 | D:3      | Reached *** piety under Trog
  2561 | D:3      | Reached XP level 5. HP: 36/36 MP: 5/5
  3236 | D:3      | Reached skill level 6 in Unarmed Combat
  3460 | D:3      | Killed an orc warrior
  3461 | D:3      | Reached skill level 7 in Unarmed Combat
  3461 | D:3      | Reached XP level 6. HP: 14/42 MP: 0/6
  3856 | D:3      | Reached **** piety under Trog
  3879 | D:4      | Found Xohadopt's Assorted Antiques.
  3887 | D:4      | Reached XP level 7. HP: 13/46 MP: 3/7
  4119 | D:4      | Reached skill level 8 in Unarmed Combat
  4427 | D:4      | Found Puen's Magic Scroll Shop.
  4506 | D:4      | Found a shadowy altar of Dithmenos.
  4506 | D:4      | Found a hide-covered altar of Uskayaw.
  4538 | D:4      | Found Iffoc's Antique Armour Emporium.
  4566 | D:4      | Bought a shiny copper ring for 130 gold pieces
  4625 | D:4      | Found a blossoming altar of Fedhas.
  4777 | D:4      | Found an ancient bone altar of Kikubaaqudgha.
  4972 | D:5      | Entered Level 5 of the Dungeon
  4974 | D:5      | Reached skill level 9 in Unarmed Combat
  5053 | D:5      | Found a staircase to the Ecumenical Temple.
  5153 | D:5      | Reached XP level 8. HP: 36/52 MP: 5/8
  5615 | D:5      | Reached skill level 10 in Unarmed Combat
  6217 | D:5      | Reached ***** piety under Trog
  6276 | D:5      | Found a snail-covered altar of Cheibriados.
  6394 | D:5      | Found Lior's Magic Scroll Shoppe.
  6400 | D:5      | Bought a scroll of blinking for 82 gold pieces
  6400 | D:5      | Bought a scroll of summoning for 104 gold pieces
  6548 | D:6      | Found a glowing drain.
  6560 | D:6      | Identified the ring of Faonail {rElec rC+ rN+ Stlth+}
  6566 | Sewer    | Entered a sewer
  7003 | D:6      | Found Nyraq's Assorted Antiques.
  7024 | D:6      | Slain by a gnoll sergeant

Illustrated notes

Levels and vault maps discovered:
D:1:      eino_arrival_cavern_b, layout_basic, kennysheep_small_spiral
D:2:      minmay_recursive_quarters, layout_rooms, zin_treasury,
          minmay_heptomino_w4
D:3:      corexii_shack_village, layout_basic,
          chequers_ecumenical_altar_simple_redux, serial_curves, eino_curves_02,
          eino_curves_02, eino_curves_03
D:4:      layout_cave_pools, gammafunk_temple_overflow_wave,
          fedhas_ov_isle_minmay, marbit_many_paths, serial_shops, shop, shop,
          kennysheep_mini, serial_column_ruins, column_ruins_open_medium,
          column_ruins_open_tiny, column_ruins_open_tiny, roderic_roman_lattice,
          patterned_corridor
D:5:      minmay_inner_zag, layout_loops_corners, lemuel_crystal_altar,
          minmay_temple_entry_overgrown, serial_shops, kennysheep_little_box,
          kennysheep_generic_room_13
D:6:      layout_gridville, xom_redecorated, serial_shops,
          nicolae_shop_temple_entry_statues_fountains, gup_sewer_entry_glass,
          serial_bayou_pond_d, minmay_misc_feat_room, okawaru_altar_gauntlet_db,
          uniq_eustachio

Skill      XL: |  1  2  3  4  5  6  7  8 |
---------------+-------------------------+-----
Unarmed Combat | 4 5 7 9 10 | 10.5
Dodging        | 4 |  4.5
Fighting       | |  3.1

Action                   |  1- 3 |  4- 6 |  7- 9 || total
-------------------------+-------+-------+-------++-------
Melee: Unarmed           |    78 |   127 |   147 ||   352
       Constrict         |    23 |    36 |    42 ||   101
       Tentacles         |    16 |    33 |    40 ||    89
       Punch             |     1 |    12 |    19 ||    32
Invok: Berserk           |       |     1 |     2 ||     3
Evoke: Wand              |       |     1 |       ||     1
  Use: Scroll            |       |    11 |     3 ||    14
       Potion            |       |       |     1 ||     1
 Stab: Sleeping          |     6 |     5 |    11 ||    22
       Paralysed         |       |     3 |       ||     3
Armor: Skin              |     5 |     4 |     2 ||    11
Dodge: Dodged            |    39 |    67 |    81 ||   187

Table legend: (Time is in decaauts)
 A = Elapsed time spent in this place.
 B = Non-inter-level travel time spent in this place.
 C = Inter-level travel time spent in this place.
 D = Time resting spent in this place.
 E = Time spent auto-exploring this place.
 F = Levels seen in this place.
 G = Mean time per level.
                   A        B        C        D        E       F      G
               +--------+--------+--------+--------+--------+-----+--------+
         Total |   6996 |   6816 |    180 |    832 |   4876 |   7 |  999.4 |
       Dungeon |   6759 |   6579 |    180 |    792 |   4742 |   6 | 1126.5 |
         Sewer |    236 |    236 |      0 |     40 |    134 |   1 |  236.0 |
               +--------+--------+--------+--------+--------+-----+--------+

Top non-repeatable levels by time:
     D:3: 1926 daAuts
     D:5: 1547 daAuts
     D:2: 1166 daAuts
     D:1: 966 daAuts
     D:4: 892 daAuts
     D:6: 259 daAuts
   Sewer: 236 daAuts
